 Dungeon Crawl Stone Soup version 0.29-a0-719-g0fec994a2d (webtiles) character file.

Game seed: 12749356771404346644

22 BearFiend the Ruffian (level 2, 0/24 HPs)
             Began as a Draconian Transmuter on June 27, 2022.
             Slain by a hobgoblin (1 damage)
             ... on level 2 of the Dungeon.
             The game lasted 00:02:53 (893 turns).

BearFiend the Ruffian (Draconian Transmuter)         Turns: 893, Time: 00:02:53

Health: 0/24       AC:  4    Str: 12    XL:     2   Next: 68%
Magic:  5/5        EV: 16    Int: 13    God:
Gold:   120        SH:  0    Dex: 11    Spells: 2/5 levels left

rFire   . . .      SeeInvis .     - Unarmed
rCold   . . .      Faith    .   (no shield)
rNeg    . . .      Spirit   .   (body armour unavailable)
rPois   .          Reflect  .   (helmet restricted)
rElec   .          Harm     .   (no cloak)
rCorr   .          Rampage  .   (no gloves)
Will    .....                   (no boots)
Stlth   +.........              e - amulet of magic regeneration
HPRegen 0.08/turn               c - +4 ring of evasion
MPRegen 0.49/turn               (no ring)

@: no status effects
A: AC +4, unfitting armour, cold-blooded
a: no special abilities


You were on level 2 of the Dungeon.
You visited 1 branch of the dungeon, and saw 2 of its levels.

You collected 120 gold pieces.

Inventory:

Jewellery
 c - a +4 ring of evasion (left hand)
 e - an amulet of magic regeneration (around neck)
Scrolls
 b - 2 scrolls of enchant weapon {unknown}
 d - 2 scrolls of noise {unknown}
 i - a scroll of identify {unknown}
Potions
 a - a potion of lignification
 f - a potion of heal wounds {unknown}
 g - a potion of curing {unknown}
 h - a potion of resistance {unknown}


   Skills:
 * Level 2.0 Fighting
 - Level 1.7 Dodging
 - Level 3.0 Unarmed Combat
 - Level 2.0 Spellcasting
 * Level 2.5 Transmutations
 + Level 0.9 Ice Magic


You had 2 spell levels left.
You knew the following spells:

 Your Spells              Type           Power      Damage    Failure   Level
a - Beastly Appendage     Tmut           16%        N/A       9%          1
b - Wereblood             Tmut           8%         N/A       14%         2

Your spell library contained the following spells:

 Spells                   Type           Power      Damage    Failure   Level
 Spider Form              Tmut/Pois      4%         N/A       41%         3
 Ice Form                 Ice/Tmut       5%         N/A       77%         4


Dungeon Overview and Level Annotations

Branches:
Dungeon (2/15) Zot: 11110

Altars:
Trog

Annotations:
D:2 Robin


Innate Abilities, Weirdness & Mutations

Your plain brown scales are hard. (AC +4)
You cannot fit into any form of body armour.
You are cold-blooded and may be slowed by cold attacks.


Message History

The ball python barely misses you. The ball python constricts you.
The hobgoblin hits you but does no damage.
The goblin barely misses you.
You closely miss the ball python. You tail-slap the ball python.
You kill the ball python!
Robin throws the goblin at you! The hobgoblin closely misses you.
The goblin closely misses you. The goblin hits you with a +0 club.
You hit the goblin but do no damage. You claw the goblin.
You kill the goblin!
The hobgoblin closely misses you. The goblin completely misses you.
The goblin misses you.
You hit the goblin.
The goblin is heavily wounded.
Robin roars a battlecry!
The goblins go into a battle-frenzy!
The hobgoblin closely misses you. x2; The goblin closely misses you.
The goblin hits you but does no damage. The goblin closely misses you.
You closely miss the goblin. Your kick misses the goblin.
The goblin is heavily wounded.
Your horns disappear.
Your talons disappear.
You closely miss the goblin. You tail-slap the goblin.
You kill the goblin!
The hobgoblin barely misses you. The hobgoblin closely misses you.
The goblin hits you but does no damage.
You closely miss the goblin. The hobgoblin closely misses you.
The hobgoblin hits you.
A goblin comes into view. It is wielding a +0 dagger.
The goblin barely misses you. The goblin hits you but does no damage.
You barely miss the hobgoblin. The hobgoblin barely misses you.
The hobgoblin hits you.
* * * LOW HITPOINT WARNING * * *
The goblin hits you with a +0 club.
* * * LOW HITPOINT WARNING * * *
The goblin misses you. The goblin hits you but does no damage.
The goblin misses you.
You barely miss the hobgoblin.
Your tail-slap misses the hobgoblin.
Robin throws the goblin at you!
* * * LOW HITPOINT WARNING * * *
The hobgoblin closely misses you. The hobgoblin hits you.
You die...

#.##.. ..... #....#
....## #..# g.... ...#
#...# #.# #...#######
#.### #g........# ##.#..
.######ggg#####.###....#
......g@gg.......##^.###
......ggg..............#
.>...............#..##.#
..#####...#####.##......
. #.........##......
#.#.########...≈.. #...#
#....≈≈. #..<# #.....≈≈
#...# #......≈


You could see Robin, 4 hobgoblins and 6 goblins.

Vanquished Creatures
  3 endoplasms
  A giant cockroach (D:1)
  3 goblins
  5 kobolds (D:1)
  2 quokkas
  2 ball pythons
  2 bats (D:1)
  A frilled lizard (D:1)
  2 rats (D:1)
21 creatures vanquished.

Notes
Turn   | Place    | Note
-------+----------+-------------------------------------------
     0 | D:1      | BearFiend the Draconian Transmuter began the quest for the
                  | Orb.
     0 | D:1      | Reached XP level 1. HP: 16/16 MP: 3/3
   326 | D:1      | Found a faded altar of an unknown god.
   377 | D:1      | Reached XP level 2. HP: 19/24 MP: 5/5
   446 | D:1      | Learned a level 2 spell: Wereblood
   783 | D:2      | Found a bloodstained altar of Trog.
   882 | D:2      | Noticed Robin
   893 | D:2      | HP: 1/24 [Robin/goblin (1)]
   893 | D:2      | Slain by a hobgoblin

Illustrated notes

Levels and vault maps discovered:
D:1:      dpeg_arrival_shrine, layout_rooms,
          hellmonk_ecumenical_altar_arch_garden, minmay_pentomino_q2
D:2:      layout_loops_cross, basic_altar, kennysheep_big_empty_room,
          chequers_serial_rivers_small_b, corexii_shack, minmay_crystal_room,
          minmay_tree_intersection, uniq_terence, uniq_robin

Skill      XL: |  1  2 |
---------------+-------+-----
Fighting       | 2 |  2.0
Dodging        | |  1.7
Unarmed Combat | |  3.0
Spellcasting   | |  2.0
Transmutations | |  2.5
Ice Magic      | |  0.9

Action                   || total
-------------------------++-------
Melee: Unarmed           ||    62
       Kick              ||     9
       Tailslap          ||     5
       Headbutt          ||     3
 Cast: Beastly Appendage ||     9
Armor: Skin              ||    14
Dodge: Dodged            ||    56

Table legend: (Time is in decaauts)
 A = Elapsed time spent in this place.
 B = Non-inter-level travel time spent in this place.
 C = Inter-level travel time spent in this place.
 D = Time resting spent in this place.
 E = Time spent auto-exploring this place.
 F = Levels seen in this place.
 G = Mean time per level.
                   A        B        C        D        E       F      G
               +--------+--------+--------+--------+--------+-----+--------+
         Total |    889 |    873 |     16 |      0 |    731 |   2 |  444.5 |
       Dungeon |    889 |    873 |     16 |      0 |    731 |   2 |  444.5 |
               +--------+--------+--------+--------+--------+-----+--------+

Top non-repeatable levels by time:
     D:1: 772 daAuts
     D:2: 116 daAuts
